 Dungeon Sprint DCSS version 0.19-a0-1637-gfc13266 (webtiles) character file.

25909 poirepourri the Ninja (level 12, -2/51 (52) HPs)
             Began as a Spriggan Enchanter on Sept 19, 2016.
             Was the Champion of Dithmenos.
             Succumbed to poison (dark miasma)
             ... in the Dungeon (Sprint I: "Red Sonja").
             The game lasted 00:19:18 (5136 turns).

poirepourri the Ninja (Spriggan Enchanter)          Turns: 5136, Time: 00:19:19

HP:   -2/51 (52)    AC:  4    Str:  4      XL:     12   Next: 93%
MP:   28/34         EV: 30    Int: 22      God:    Dithmenos [******]
Gold: 243           SH:  0    Dex: 19 (21) Spells: 5 memorised, 33 levels left

rFire  + . .     SeeInvis +     h - +0 rapier (speed)
rCold  + . .     Gourm    .     p - +2 robe {rC+ rF+}
rNeg   . . .     Faith    .     (shield restricted)
rPois  .         Spirit   .     (helmet restricted)
rElec  .         Dismiss  .     (no cloak)
rCorr  .         Reflect  .     (gloves unavailable)
MR     ++...     Harm     .     (boots unavailable)
Stlth  ++++++++++ NoTele   +    (no amulet)
                                v - +3 ring of intelligence
                                u - +4 ring of dexterity

@: lethally poisoned (-2 -> -67), slowed, wreathed by umbra, quick
A: unfitting armour, see invisible, clumsy 1, herbivore 3, speed 3, frail 1,
slow metabolism 2
a: Shadow Step, Shadow Form, Renounce Religion


You were in the Dungeon.
You worshipped Dithmenos.
Dithmenos was exalted by your worship.
You were full.

You visited 1 branch You collected 3278 gold pieces.
You spent 3035 gold pieces at shops.

Inventory:

Hand Weapons
 a - a +1 dagger
 h - a +0 rapier of speed (weapon)
 l - a +0 blowgun
 m - a +1 short sword of venom
Missiles
 n - 7 curare-tipped needles
Armour
 p - a +2 robe of resistance (worn)
 q - the +1 robe "Jegiwneu" {Int+4}
   (You bought it in a shop in the Dungeon)

   It affects your intelligence (+4).
 w - the +4 robe of Augmentation {Str+4 Int+4 Dex+4}
   (You bought it in a shop in the Dungeon)

   It affects your strength (+4).
   It affects your intelligence (+4).
   It affects your dexterity (+4).
Jewellery
 u - a +4 ring of dexterity (left hand)
 v - a +3 ring of intelligence (right hand)
 x - an uncursed ring of positive energy
 y - an uncursed ring of ice
Wands
 k - a wand of lightning (5/15)
 r - a wand of heal wounds (3/9)
 s - a wand of acid (6/15)
Scrolls
 b - a scroll of identify
 j - a scroll of blinking
 t - a scroll of recharging
Potions
 e - 3 potions of curing
 f - 6 potions of heal wounds
 g - a potion of haste
 i - a potion of berserk rage
 o - a potion of lignification
Books
 c - a book of Maledictions

   Spells                             Type                      Level
   a - Corona                         Hexes                        1
   b - Ensorcelled Hibernation        Hexes/Ice                    2
   c - Confuse                        Hexes                        3
   d - Tukima's Dance                 Hexes                        3
   e - Dazzling Spray                 Conjuration/Hexes            3
Comestibles
 d - a bread ration


   Skills:
 - Level 4.1 Fighting
 + Level 12.5 Short Blades
 + Level 12.9 Dodging
 O Level 27 Stealth
 + Level 17.2 Spellcasting
 + Level 4.2 Conjurations
 + Level 17.6 Hexes
 - Level 4.0 Ice Magic
 + Level 5.4 Invocations
 + Level 3.2 Evocations


You had 33 spell levels left.
You knew the following spells:

 Your Spells              Type           Power        Failure   Level  Hunger
a - Corona                Hex            #######      0%          1    None
b - Ensorcelled Hibernat  Hex/Ice        ######       1%          2    None
c - Confuse               Hex            #######.     0%          3    None
d - Tukima's Dance        Hex            #######.     0%          3    None
e - Dazzling Spray        Conj/Hex       ######       1%          3    None


Dungeon Overview and Level Annotations

Branches:
Dungeon (1/1)

Altars:
Cheibriados
Dithmenos
Elyvilon
Fedhas
Gozag
Hepliaklqana
Kikubaaqudgha
Makhleb
Nemelex Xobeh
Okawaru
Qazlal
Ru
Sif Muna
Trog
Uskayaw
Vehumet
Xom
Yredelemnul
Zin
The Shining One
Jiyva
Lugonu

Shops:
D (%%:[[*!?(}!(!?***}[(

Annotations:
D Lom Lobon, Tiamat


Innate Abilities, Weirdness & Mutations

You are tiny and cannot use many weapons and most armour.
You have supernaturally acute eyesight. (SInv)
You are a herbivore.
You cover ground extremely quickly.
You need consume almost no food.
You are clumsy. (Dex -2)
You are frail. (-10% HP)


Message History

Aiming: Dazzling Spray
Press: ? - help, Shift-Dir - straight line, f/p - Lom Lobon
Aim: Lom Lobon (foul pestilence, heavily wounded, umbra)
The spray of energy hits Lom Lobon.
Lom Lobon is heavily wounded.
The spray of energy hits the ball lightning.
The ball lightning explodes!
The blast of lightning engulfs Lom Lobon.
Lom Lobon completely resists.
The blast of lightning engulfs the ball lightning.
The ball lightning completely resists.
The blast of lightning engulfs you!
You emit a cloud of dark smoke.
Dithmenos accepts your kill.
Your shadow mimicks your spell!
The shadow shard misses Lom Lobon.
You are engulfed in dark miasma.
You are more poisoned.
You feel as though you will be slow longer.
* * * LOW HITPOINT WARNING * * *
You emit a cloud of dark smoke.
You die...

#####§#)('..§..§####'#.##'#
.§§.#§#####.§§###....#.#≈≈≈#
...#§§#.[[#####...####.#≈≈≈≈#
.§≈####[)...)...###...^#≈≈≈≈≈#
.≈≈##[[(....#####.§§§####≈≈≈≈#
≈≈###....).##....§§§§# #'≈≈≈'
### #?.)..##...^§§§§§# ##≈≈#≈
'####.....#....§§§§§§#
#∩∩######## #§@&§§§#
∩∩###≈≈≈≈≈≈≈≈.#§*§§§§# ###
###########§§§§§.+ #..0..+
.§.§§§§# ####### #########


You could see Lom Lobon and a ball lightning.

Vanquished Creatures
  4 fire giants (D)
  A deep elf annihilator (D)
  A lorocyproca (D)
  A mummy priest (D)
  A hydra (D)
  2 centaur warriors (D)
  Sonja (D)
  7 unseen horrors (D)
  A deep troll (D)
  A lindwurm (D)
  8 shining eyes (D)
  2 oklob plants (D)
  2 sirens (D)
  2 gargoyles (D)
  2 kobold demonologists (D)
  4 demonic crawlers (D)
  A slime creature (D)
  2 redbacks (D)
  Sigmund (D)
  13 hogs (D)
  A yak (D)
  7 floating eyes (D)
  7 necrophages (D)
  4 wasps (D)
  An ogre (D)
  8 jellies (D)
  Ijyb (D)
  A ball lightning (D)
  4 ballistomycetes (D)
  A ballistomycete spore (D)
92 creatures vanquished.

Vanquished Creatures (others)
  A hellwing (D)
  A wasp (D)
  A ball lightning (D)
  A ballistomycete spore (D)
4 creatures vanquished.

Grand Total: 96 creatures vanquished

Notes
Turn   | Place    | Note
-------+----------+-------------------------------------------
     0 | D        | poirepourri the Spriggan Enchanter began the quest for the Orb.
     0 | D        | Reached XP level 1. HP: 9/9 MP: 5/5
     2 | D        | Noticed Ijyb
    46 | D        | Killed Ijyb
    46 | D        | Reached skill level 6 in Stealth
    46 | D        | Reached skill level 5 in Hexes
    46 | D        | Reached XP level 2. HP: 9/13 MP: 5/7
   147 | D        | Learned a level 2 spell: Ensorcelled Hibernation
   149 | D        | Noticed an ogre
   167 | D        | Killed an ogre
   167 | D        | Reached skill level 5 in Dodging
   167 | D        | Reached skill level 7 in Stealth
   167 | D        | Reached skill level 5 in Spellcasting
   167 | D        | Reached skill level 1 in Ice Magic
   167 | D        | Reached XP level 3. HP: 3/16 MP: 0/10
   167 | D        | Reached XP level 4. HP: 4/21 MP: 0/12
   426 | D        | Noticed Sigmund
   429 | D        | Killed Sigmund
   429 | D        | Reached skill level 9 in Stealth
   429 | D        | Reached XP level 5. HP: 25/25 MP: 13/15
   451 | D        | Learned a level 3 spell: Confuse
   455 | D        | Learned a level 3 spell: Tukima's Dance
   459 | D        | Learned a level 3 spell: Dazzling Spray
   459 | D        | Found a deep blue altar of Sif Muna.
   461 | D        | Found a radiant altar of Vehumet.
   465 | D        | Reached XP level 6. HP: 29/29 MP: 17/17
   502 | D        | Found Akip's Book Emporium.
   502 | D        | Found an ancient bone altar of Kikubaaqudgha.
   502 | D        | Found a hazy altar of Hepliaklqana.
   502 | D        | Found a stormy altar of Qazlal.
   502 | D        | Found a hide-covered altar of Uskayaw.
   502 | D        | Found a blossoming altar of Fedhas.
   502 | D        | Found a bloodstained altar of Trog.
   502 | D        | Found an iron altar of Okawaru.
   502 | D        | Found a basalt altar of Yredelemnul.
   502 | D        | Found a glowing golden altar of the Shining One.
   502 | D        | Found a snail-covered altar of Cheibriados.
   502 | D        | Found a sacrificial altar of Ru.
   502 | D        | Found a glowing silver altar of Zin.
   502 | D        | Found a shadowy altar of Dithmenos.
   502 | D        | Found a white marble altar of Elyvilon.
   502 | D        | Noticed a yak
   507 | D        | Killed a yak
   507 | D        | Reached skill level 11 in Stealth
   507 | D        | Reached skill level 10 in Hexes
   508 | D        | Found an opulent altar of Gozag.
   509 | D        | Found a sparkling altar of Nemelex Xobeh.
   517 | D        | Became a worshipper of Dithmenos the Shadowed
   598 | D        | Noticed Sonja
   602 | D        | Killed Sonja
   602 | D        | Reached skill level 1 in Fighting
   602 | D        | Reached skill level 13 in Stealth
   602 | D        | Reached XP level 7. HP: 33/33 MP: 17/20
   625 | D        | Noticed a deep troll
   629 | D        | Killed a deep troll
   629 | D        | Reached skill level 10 in Dodging
   629 | D        | Reached skill level 14 in Stealth
   629 | D        | Reached XP level 8. HP: 37/37 MP: 20/22
   639 | D        | Found Reideps's Armour Emporium.
   664 | D        | Noticed a centaur warrior
   664 | D        | Noticed a centaur warrior
   667 | D        | Killed a centaur warrior
   667 | D        | Reached * piety under Dithmenos
   667 | D        | Reached skill level 16 in Stealth
   667 | D        | Reached skill level 10 in Spellcasting
   667 | D        | Reached XP level 9. HP: 41/41 MP: 22/24
   669 | D        | Killed a centaur warrior
   669 | D        | Reached skill level 17 in Stealth
   696 | D        | Noticed an oklob plant
   698 | D        | Killed an oklob plant
   698 | D        | Reached ** piety under Dithmenos
   710 | D        | Reached skill level 18 in Stealth
   907 | D        | Noticed an unseen horror
   907 | D        | Noticed an unseen horror
   912 | D        | Killed an unseen horror
   912 | D        | Reached XP level 10. HP: 46/46 MP: 26/26
   914 | D        | Killed an unseen horror
   914 | D        | Reached *** piety under Dithmenos
   914 | D        | Reached skill level 19 in Stealth
  1046 | D        | Found Adeadid's Weapon Boutique.
  1076 | D        | Found a burning altar of Makhleb.
  1076 | D        | Found a viscous altar of Jiyva.
  1076 | D        | Found a shimmering altar of Xom.
  1076 | D        | Found a corrupted altar of Lugonu.
  1094 | D        | Reached skill level 20 in Stealth
  1120 | D        | Reached **** piety under Dithmenos
  1120 | D        | Reached skill level 21 in Stealth
  1181 | D        | Noticed a lindwurm
  1185 | D        | Killed a lindwurm
  1185 | D        | Reached ***** piety under Dithmenos
  1185 | D        | Reached skill level 22 in Stealth
  1209 | D        | Reached skill level 1 in Invocations
  1213 | D        | Reached skill level 23 in Stealth
  1217 | D        | Reached skill level 10 in Short Blades
  1217 | D        | Reached XP level 11. HP: 49/52 MP: 12/28
  1262 | D        | Reached ****** piety under Dithmenos
  1444 | D        | Noticed a daeva
  1447 | D        | Noticed an unseen horror
  1447 | D        | Noticed an unseen horror
  1447 | D        | Noticed an unseen horror
  1448 | D        | Noticed an unseen horror
  1450 | D        | Killed an unseen horror
  1451 | D        | Noticed an unseen horror
  1452 | D        | Killed an unseen horror
  1452 | D        | Reached skill level 24 in Stealth
  1454 | D        | Killed an unseen horror
  1455 | D        | Killed an unseen horror
  1455 | D        | Reached skill level 15 in Hexes
  1457 | D        | Killed an unseen horror
  1955 | D        | Reached skill level 25 in Stealth
  2097 | D        | Found Onni's Distillery.
  2097 | D        | Found Cenovurr's Assorted Antiques.
  2097 | D        | Found Camm's Magic Scroll Boutique.
  2099 | D        | Found Tualitz's Weapon Emporium.
  2099 | D        | Found Xavole's Gadget Shop.
  2099 | D        | Found Etum's Distillery.
  2099 | D        | Found Raggaibb's Antique Weapon Boutique.
  2099 | D        | Found Othreuc's Distillery.
  2099 | D        | Found Epogozao's Magic Scroll Shop.
  2099 | D        | Found Dunyem's Assorted Antiques.
  2101 | D        | Bought a creamy pearl robe for 148 gold pieces
  2102 | D        | Identified the +1 robe "Jegiwneu" {Int+4} (You bought it in a shop in the Dungeon)
  2105 | D        | Bought a potion of heal wounds for 60 gold pieces
  2105 | D        | Found Juontei's Assorted Antiques.
  2106 | D        | Found Urryg's Gadget Emporium.
  2106 | D        | Found Agudduyrru's General Store.
  2107 | D        | Found Hipp's Antique Weapon Emporium.
  2108 | D        | Bought a potion of heal wounds for 55 gold pieces
  2112 | D        | Bought a potion of heal wounds for 50 gold pieces
  2119 | D        | Bought a +2 robe of resistance for 377 gold pieces
  2128 | D        | Bought a wand of heal wounds (4/9) for 528 gold pieces
  2132 | D        | Bought a scroll of recharging for 114 gold pieces
  2265 | D        | Noticed a 12-headed hydra
  2267 | D        | Killed a 12-headed hydra
  2345 | D        | Noticed a lorocyproca
  2350 | D        | Killed a lorocyproca
  2350 | D        | Reached skill level 26 in Stealth
  3247 | D        | Noticed a shining eye
  3247 | D        | Noticed a shining eye
  3247 | D        | Noticed a shining eye
  3247 | D        | Noticed a shining eye
  3247 | D        | Noticed a shining eye
  3247 | D        | Noticed a shining eye
  3248 | D        | Noticed a shining eye
  3248 | D        | Noticed a shining eye
  3250 | D        | Killed a shining eye
  3250 | D        | Paralysed by a floating eye for 2 turns
  3254 | D        | Paralysed by a floating eye for 3 turns
  3257 | D        | Gained mutation: You are frail. (-10% HP) [a shining eye]
  3266 | D        | Paralysed by a floating eye for 2 turns
  3268 | D        | Killed a shining eye
  3272 | D        | Gained mutation: You are clumsy. (Dex -2) [a shining eye]
  3273 | D        | Killed a shining eye
  3273 | D        | Reached XP level 12. HP: 52/52 MP: 10/31
  3282 | D        | Reached skill level 27 in Stealth
  3421 | D        | Reached skill level 1 in Conjurations
  3444 | D        | Found Celeh's Antique Armour Shop.
  3444 | D        | Found Ciwediut's Food Shoppe.
  3444 | D        | Found Ageluda Vahi's Armour Boutique.
  3444 | D        | Found Loum's Food Emporium.
  3526 | D        | Bought a small sapphire ring for 95 gold pieces
  3610 | D        | Bought the +4 robe of Augmentation {Str+4 Int+4 Dex+4} for 1058 gold pieces
  3815 | D        | Noticed a fire giant
  3816 | D        | Noticed a fire giant
  3816 | D        | Noticed a fire giant
  3816 | D        | Noticed a fire giant
  3817 | D        | Killed a fire giant
  3817 | D        | Reached skill level 15 in Spellcasting
  3817 | D        | Reached skill level 1 in Evocations
  3819 | D        | Killed a fire giant
  3821 | D        | Killed a fire giant
  3823 | D        | Killed a fire giant
  3823 | D        | Reached skill level 5 in Invocations
  4246 | D        | Bought a scroll of identify for 52 gold pieces
  4246 | D        | Bought a wooden ring for 130 gold pieces
  4248 | D        | Bought a scroll of identify for 20 gold pieces
  4248 | D        | Bought a scroll of identify for 20 gold pieces
  4255 | D        | Bought a potion of heal wounds for 95 gold pieces
  4265 | D        | Bought an ivory ring for 95 gold pieces
  4266 | D        | Bought a scroll of identify for 24 gold pieces
  4342 | D        | Bought a thick robe for 114 gold pieces
  4346 | D        | Identified the cursed +0 robe "Titey" {Dex+2} (You bought it in a shop in the Dungeon)
  4514 | D        | Noticed Tiamat
  4574 | D        | Noticed a deep elf annihilator
  4574 | D        | Noticed a mummy priest
  4724 | D        | Killed a deep elf annihilator
  5010 | D        | Killed a mummy priest
  5132 | D        | Noticed Lom Lobon
  5136 | D        | Succumbed to poison (dark miasma)

Vault maps used:
D:        dungeon_sprint_1

Skill      XL: |  1  2  3  4  5  6  7  8  9 10 11 12 |
---------------+-------------------------------------+-----
Dodging        | 4 5 7 9 10 12 | 12.9
Stealth        | 6 7 9 13 14 16 18 23 26 27 | 27.0
Spellcasting   | 3 5 6 7 9 10 11 12 14 17 | 17.2
Hexes          | 5 7 9 11 12 13 14 15 17 | 17.6
Short Blades   | 2 4 6 7 9 10 11 12 | 12.5
Ice Magic      | 1 2 3 4 |  4.0
Fighting       | 1 2 3 4 |  4.1
Invocations    | 1 5 |  5.4
Conjurations   | 4 |  4.2
Evocations     | 3 |  3.2

Action                   |  1- 3 |  4- 6 |  7- 9 | 10-12 || total
-------------------------+-------+-------+-------+-------++-------
Melee: Dagger            |    43 |     7 |       |       ||    50
       Short sword       |       |       |    11 |   113 ||   124
       Rapier            |       |       |       |     2 ||     2
 Cast: Ensorcelled Hiber |     5 |     1 |     1 |    33 ||    40
       Dazzling Spray    |       |       |       |    43 ||    43
       Confuse           |       |       |       |     4 ||     4
Invok: Shadow Step       |       |       |       |    11 ||    11
Evoke: Wand              |       |       |       |     4 ||     4
  Use: Potion            |     1 |       |       |     2 ||     3
       Scroll            |       |     1 |     2 |     8 ||    11
 Stab: Sleeping          |     2 |     4 |     8 |    61 ||    75
       Confused          |       |       |       |     2 ||     2
       Invisible         |       |       |       |     2 ||     2
  Eat: Pizza             |       |       |       |     1 ||     1
       Bread ration      |       |       |       |     1 ||     1
Armor: Robe              |     4 |       |       |     2 ||     6
Dodge: Dodged            |    34 |     2 |     2 |    34 ||    72
